 Dungeon Crawl Stone Soup version 0.26.1-11-gd32895ea62 (webtiles) character file.

Game seed: 8265007429769824390

5409 Revguard the Artisan of Death (level 10, -2/74 HPs)
             Began as a Demonspawn Necromancer on July 28, 2021.
             Was a Priest of Kikubaaqudgha.
             Slain by a worker ant (6 damage)
             ... on level 9 of the Dungeon.
             The game lasted 00:41:49 (9328 turns).

Revguard the Artisan of Death (DsNe)                Turns: 9328, Time: 00:41:52

Health: -2/74      AC: 10    Str: 15    XL:     10   Next: 40%
Magic:  7/21       EV: 20    Int: 19    God:    Kikubaaqudgha [***...]
Gold:   298        SH:  0    Dex: 16    Spells: 2/23 levels left

rFire    . . .     SeeInvis .   m - +2 dagger (venom)
rCold    . . .     Faith    .   (no shield)
rNeg     . . .     Spirit   .   j - +3 leather armour "Letiut" {rElec Str+4 Dex+2}
rPois    +         Reflect  .   (helmet restricted)
rElec    +         Harm     .   t - +0 cloak
rCorr    .         Rampage  .   (no gloves)
Will     .....     Clarity  +   d - +1 pair of boots
Stlth    ++++......             g - amulet of regeneration
HPRegen  0.62/turn              l - ring of stealth
MPRegen  0.17/turn              w - ring of poison resistance

@: agile, hasted, very quick
A: horns 2, clarity, demonic guardian 1, powered by pain 1, strong 1, subdued
magic 1
a: Renounce Religion, Receive Corpses


You were on level 9 of the Dungeon.
You worshipped Kikubaaqudgha.
Kikubaaqudgha was most pleased with you.
You visited 2 branches of the dungeon, and saw 10 of its levels.

You collected 494 gold pieces.
You spent 196 gold pieces at shops.

Inventory:

Hand Weapons
 f - a +3 short sword of protection
 k - a +1 dagger of electrocution
 m - a +2 dagger of venom (weapon)
 s - the +4 rapier "Qadi" {speed, Str+2}
   (You took it off an orc on level 8 of the Dungeon)

   Attacks with this weapon are significantly faster.
   It affects your strength (+2).
Armour
 d - a +1 pair of boots (worn)
 j - the +3 leather armour "Letiut" (worn) {rElec Str+4 Dex+2}
   (You bought it in a shop on level 4 of the Dungeon)

   It affects your strength (+4).
   It affects your dexterity (+2).
   It insulates you from electricity.
 t - a +0 cloak (worn)
Jewellery
 a - an uncursed amulet of guardian spirit {unknown}
 g - an amulet of regeneration (around neck)
 l - a ring of stealth (left hand)
 o - an uncursed ring of fire
 w - a ring of poison resistance (right hand)
Wands
 c - a wand of disintegration (27)
 n - a wand of flame (36)
 q - a wand of iceblast (8)
 r - a wand of acid (5)
 v - a wand of paralysis (6)
Scrolls
 b - 5 scrolls of amnesia
 e - a scroll of teleportation
 i - a scroll of remove curse
 u - 2 scrolls of enchant weapon
Potions
 h - a potion of might


   Skills:
 + Level 5.3 Fighting
 + Level 4.8 Short Blades
 + Level 4.8 Armour
 + Level 5.2 Dodging
 + Level 5.7 Stealth
 * Level 7.3 Spellcasting
 + Level 7.6 Necromancy


You had 2 spell levels left.
You knew the following spells:

 Your Spells              Type           Power        Failure   Level
a - Excruciating Wounds   Necr           13%          12%         5
b - Animate Skeleton      Necr           54%          1%          1
c - Vampiric Draining     Necr           13%          1%          3
d - Animate Dead          Necr           13%          3%          4
e - Sublimation of Blood  Necr           13%          1%          2
f - Corpse Rot            Necr/Air       N/A          2%          2
g - Dispel Undead         Necr           27%          3%          4

Your spell library contained the following spells:

 Spells                   Type           Power        Failure   Level
 Pain                     Necr           100%         1%          1
 Freeze                   Ice            20%          10%         1
 Magic Dart               Conj           20%          10%         1
 Blink                    Tloc           N/A          14%         2
 Call Imp                 Summ           5%           14%         2
 Slow                     Hex            5%           14%         2
 Agony                    Necr           27%          12%         5
 Conjure Flame            Conj/Fire      5%           30%         3
 Frozen Ramparts          Ice            10%          30%         3
 Mephitic Cloud           Conj/Pois/Air  5%           30%         3
 Ozocubu's Armour         Ice            5%           30%         3
 Borgnjor's Vile Clutch   Necr/Erth      8%           52%         5
 Hailstorm                Conj/Ice       5%           71%         4
 Summon Ice Beast         Ice/Summ       5%           71%         4
 Simulacrum               Ice/Necr       8%           98%         6


Dungeon Overview and Level Annotations

Branches:
Dungeon (9/15)             Temple (1/1) D:6            Lair (0/6) D:8
    Orc: D:9-12

Altars:
Ashenzari
Cheibriados
Dithmenos
Elyvilon
Fedhas
Gozag
Hepliaklqana
Kikubaaqudgha
Makhleb
Nemelex Xobeh
Okawaru
Qazlal
Ru
Sif Muna
Trog
Uskayaw
Vehumet
Wu Jian
Xom
Yredelemnul
Zin
The Shining One
Beogh

Shops:
D:4 (([?[

Annotations:
D:5 Grinder
D:9 Psyche


Innate Abilities, Weirdness & Mutations

You have a pair of horns on your head.
A weak demonic guardian rushes to your aid.
You sometimes gain a little power by taking damage.
You possess an exceptional clarity of mind.
Your muscles are strong. (Str +2)
Your spells are a little easier to cast, but a little less powerful.


Message History

Aim: an orc priest (severely wounded)
You kill the orc priest!
Kikubaaqudgha accepts your kill.
You feel life coursing into your body. The orc warrior barely misses you.
The worker ant bites you but does no damage.
You hear some strange, mumbled words.
A puff of flame appears from out of thin air!
The puff of flame hits you!
* * * LOW HITPOINT WARNING * * *
You focus on the pain.
You feel more agile all of a sudden.
Casting: Vampiric Draining (safe; 1% risk of failure)
Confirm with . or Enter, or press ? or * to list all spells.
Aiming: Vampiric Draining (safe; 1% risk of failure)
Press: ? - help, Shift-Dir - straight line, f - worker ant
Aim: a worker ant The worker ant is moderately wounded.
You feel life coursing into your body. The worker ant bites you.
You die...
Kikubaaqudgha rasps: "You have failed me!
Welcome... death!"

#...# #...####
#....... #......
#..... .
#...#######
...######..oB†5.<.#
...........o{@....#
......)....o#.....#
............#[....#
............#.....#
............#.....#
............#.....#
..#####.....#.....+
§ #.....#..##+#
#.....####


You could see an orc warrior, a worker ant, 2 orcs and a friendly white imp
(summoned).

Vanquished Creatures
  Pikel (D:7)
  An elephant (D:8)
  Joseph (D:8)
  A hornet (D:7)
  A yak (D:7)
  Grum (D:8)
  A steam dragon (D:9)
  8 orc warriors
  A sky beast (D:8)
  3 black bears
  2 ice beasts (D:7)
  A phantom (D:7)
  2 wolves (D:7)
  A big kobold (D:7)
  6 bullfrogs
  2 howler monkeys
  6 orc wizards
  7 orc priests
  2 hounds
  2 jellies
  A bullfrog skeleton (D:6)
  Jessica (D:2)
  An iguana (D:7)
  8 worker ants
  3 worker ant zombies
  A howler monkey skeleton (D:6)
  7 gnolls
  11 adders
  A shadow imp (D:8)
  A white imp (D:6)
  2 ufetubi
  4 oozes
  An adder zombie (D:5)
  4 dart slugs
  3 leopard geckos
  38 orcs
  2 ball pythons
  4 giant cockroaches
  14 goblins
  7 hobgoblins
  6 jackals
  10 kobolds
  2 quokkas
  6 bats
  3 frilled lizards
  A leopard gecko zombie (D:8)
  9 rats
201 creatures vanquished.

Vanquished Creatures (collateral kills)
  Maggie (D:8)
  A black bear (D:8)
  2 ogres
  A centaur (D:7)
  A lemure (D:7)
  Blork the orc (D:6)
  2 scorpions
  A howler monkey (D:7)
  A hound (D:7)
  A bullfrog skeleton (D:8)
  An orc priest (D:7)
  An iguana (D:7)
  A gnoll (D:8)
  A shadow imp (D:7)
  9 orcs
  3 jackals
  A kobold (D:7)
  A quokka skeleton (D:8)
30 creatures vanquished.

Grand Total: 231 creatures vanquished

Notes
Turn   | Place    | Note
-------+----------+-------------------------------------------
     0 | D:1      | Revguard the Demonspawn Necromancer began the quest for the
                  | Orb.
     0 | D:1      | Reached XP level 1. HP: 13/13 MP: 3/3
   340 | D:1      | Gained mutation: You have a pair of small horns on your
                  | head. [demonic ancestry]
   340 | D:1      | Reached XP level 2. HP: 14/20 MP: 0/5
   845 | D:1      | Learned a level 1 spell: Animate Skeleton
  1306 | D:1      | Reached XP level 3. HP: 17/25 MP: 3/6
  1310 | D:1      | Learned a level 3 spell: Vampiric Draining
  1601 | D:2      | Reached skill level 1 in Fighting
  1620 | D:2      | Reached skill level 1 in Short Blades
  1620 | D:2      | Reached skill level 1 in Armour
  1661 | D:2      | Gained mutation: You sometimes gain a little power by
                  | taking damage. [demonic ancestry]
  1661 | D:2      | Reached XP level 4. HP: 32/32 MP: 5/7
  1994 | D:2      | Noticed Jessica
  1998 | D:2      | Killed Jessica
  2420 | D:2      | Gained mutation: A weak demonic guardian rushes to your
                  | aid. [demonic ancestry]
  2420 | D:2      | Reached XP level 5. HP: 36/37 MP: 5/8
  2425 | D:2      | Learned a level 4 spell: Animate Dead
  2775 | D:3      | Reached skill level 5 in Necromancy
  3960 | D:4      | Found Uptiomp's Antique Weapon Boutique.
  3995 | D:4      | Found Tatz's Antique Armour Emporium.
  4146 | D:4      | Found Ryturghym's Antique Weapon Boutique.
  4162 | D:4      | Gained mutation: You have a pair of horns on your head.
                  | [demonic ancestry]
  4162 | D:4      | Reached XP level 6. HP: 41/44 MP: 10/10
  4339 | D:4      | Found Imuiw's Magic Scroll Shop.
  4457 | D:4      | Found Fyrhitits's Antique Armour Shop.
  4719 | D:5      | Entered Level 5 of the Dungeon
  4833 | D:4      | Bought a faintly glowing leather armour for 196 gold pieces
  4843 | D:4      | Identified the +3 leather armour "Letiut" {rElec Str+4
                  | Dex+2} (You bought it in a shop on level 4 of the Dungeon)
  4864 | D:5      | Noticed Grinder
  5000 | D:5      | Noticed an ice beast
  5002 | D:5      | HP: 1/44 [centaur/arrow (5)]
  5095 | D:6      | Reached XP level 7. HP: 41/51 MP: 2/12
  5300 | D:6      | Noticed Blork the orc
  5308 | D:6      | Killed Blork the orc
  5419 | D:6      | Found a staircase to the Ecumenical Temple.
  5443 | Temple   | Entered the Ecumenical Temple
  5502 | Temple   | Became a worshipper of Kikubaaqudgha
  6029 | D:7      | Found a radiant altar of Vehumet.
  6178 | D:7      | Reached XP level 8. HP: 26/58 MP: 7/14
  6183 | D:7      | Reached * piety under Kikubaaqudgha
  6183 | D:7      | Identified Kikubaaqudgha's Papyrus of Unholy Rites
                  | (Kikubaaqudgha gifted it to you on level 7 of the Dungeon)
  6183 | D:7      | Received a gift from Kikubaaqudgha
  6195 | D:7      | Learned a level 2 spell: Sublimation of Blood
  6198 | D:7      | Learned a level 2 spell: Corpse Rot
  6541 | D:7      | Noticed a hornet
  6554 | D:7      | Paralysed by a hornet for 3 turns
  6556 | D:7      | HP: 1/58 [hornet (2)]
  6558 | D:7      | Killed a hornet
  6559 | D:7      | Reached skill level 5 in Spellcasting
  6810 | D:7      | Reached ** piety under Kikubaaqudgha
  6940 | D:7      | Noticed Pikel
  6951 | D:7      | Killed Pikel
  6952 | D:7      | Reached XP level 9. HP: 65/65 MP: 7/17
  7390 | D:8      | Noticed an elephant
  7454 | D:8      | Found a staircase to the Lair.
  7462 | D:8      | Noticed Grum
  7625 | D:7      | Reached skill level 5 in Stealth
  7863 | D:8      | Identified the +4 rapier "Qadi" {speed, Str+2}
  8021 | D:8      | Reached *** piety under Kikubaaqudgha
  8021 | D:8      | Identified Kikubaaqudgha's Tome of Sinister Secrets
                  | (Kikubaaqudgha gifted it to you on level 8 of the Dungeon)
  8021 | D:8      | Received a gift from Kikubaaqudgha
  8048 | D:8      | Found a roughly hewn altar of Beogh.
  8221 | D:7      | Learned a level 4 spell: Dispel Undead
  8228 | D:7      | Learned a level 5 spell: Excruciating Wounds
  8364 | D:8      | Noticed Maggie
  8399 | D:8      | Killed Maggie
  8400 | D:8      | Reached skill level 5 in Fighting
  8400 | D:8      | Reached XP level 10. HP: 44/74 MP: 13/20
  8523 | D:8      | Reached skill level 5 in Dodging
  8670 | D:8      | Killed an elephant
  8783 | D:8      | Noticed Joseph
  8806 | D:8      | Killed Joseph
  8825 | D:8      | Gained mutation: Your muscles are strong. (Str +2) [potion
                  | of mutation]
  8825 | D:8      | Gained mutation: Your spells are a little easier to cast,
                  | but a little less powerful. [potion of mutation]
  8825 | D:8      | Gained mutation: You possess an exceptional clarity of
                  | mind. [potion of mutation]
  8869 | D:8      | Found a roughly hewn altar of Beogh.
  9043 | D:8      | Killed Grum
  9309 | D:9      | Noticed Psyche
  9327 | D:9      | HP: 1/74 [something/puff of flame (13)]
  9328 | D:9      | Slain by a worker ant

Illustrated notes

Levels and vault maps discovered:
D:1:      minmay_arrival_arboretum_small, layout_rooms
D:2:      layout_basic, minmay_statues_item, uniq_jessica
D:3:      layout_basic, chequers_serial_rivers_small_b
D:4:      layout_loops_corners, serial_shops, shop, nicolae_shop_crystal,
          shop_statue, nicolae_shop_temple_entry_statues_fountains,
          shop_fountains, chequers_serial_rivers_micro_d
D:5:      layout_rooms, uniq_sigmund, uniq_grinder
D:6:      layout_loops_ring, minmay_temple_entry_grid, uniq_blork_the_orc
D:7:      kennysheep_spiral_hall, layout_basic, vehumet_altar_wand_db,
          zaba_anthole, uniq_pikel
D:8:      layout_cave_pools, david_lair_generic, special_room
          [special_room_orc], david_defended_altar_orc, uniq_grum, uniq_joseph,
          uniq_maggie
D:9:      layout_irregular_city, lemuel_hellish_altar, uniq_psyche
Temple:   compressed_dpeg_circular_temple

Skill      XL: |  1  2  3  4  5  6  7  8  9 10 |
---------------+-------------------------------+-----
Stealth        | 2 3 4 5 |  5.7
Dodging        | 2 3 4 5 |  5.2
Fighting       | 1 2 3 4 5 |  5.3
Short Blades   | 1 2 3 4 |  4.8
Armour         | 1 2 3 4 |  4.8
Necromancy     | 5 6 7 |  7.6
Spellcasting   | 3 4 5 6 7 |  7.3

Action                   |  1- 3 |  4- 6 |  7- 9 | 10-12 || total
-------------------------+-------+-------+-------+-------++-------
Melee: Dagger            |    26 |       |   235 |    17 ||   278
       Short sword       |    33 |   192 |    66 |       ||   291
       Headbutt          |     6 |    18 |    65 |     8 ||    97
       Rapier            |       |       |    64 |    43 ||   107
 Cast: Pain              |    37 |    51 |       |       ||    88
       Vampiric Draining |     1 |     6 |    36 |    24 ||    67
       Animate Dead      |       |     3 |     7 |       ||    10
       Animate Skeleton  |       |       |     2 |       ||     2
       Corpse Rot        |       |       |     2 |     2 ||     4
       Dispel Undead     |       |       |     4 |       ||     4
  Use: Potion            |     2 |     7 |     6 |     2 ||    17
       Scroll            |       |     9 |     5 |     1 ||    15
 Stab: Sleeping          |       |     7 |     7 |     1 ||    15
       Distracted        |       |       |     2 |     1 ||     3
       Invisible         |       |       |       |     1 ||     1
Armor: Robe              |    17 |    13 |       |       ||    30
       Leather armour    |       |    79 |   144 |    13 ||   236
Dodge: Dodged            |    43 |   170 |   335 |    50 ||   598
